Map: [ESL] Alcyone

Players

gumiho

  • Race: Terran Terran
  • Spawn Location: 7:00

ShoWTimE - Winner!

  • Race: Protoss Protoss
  • League: Master
  • Spawn Location: 1:00

Event: HomeStory Cup XXV

VOD

Have the link to the VOD?

Description

Time

  • Played on: June 23, 2024, 6:05 p.m.
  • Length: 9:13

All games in this series

Show
View Real Time Build Order
Export as new Build Order

gumiho Terran 

Build Orders: Cyclone Opening 

Get SALT Encoding   

  12  0:00  SCV  
  13  0:12  SCV  
  14  0:17  Supply Depot  
  14  0:24  SCV  
  15  0:39  SCV  
  15  0:40  Barracks  
  16  0:42  Refinery  
  16  0:51  SCV  
  16  0:52  Refinery  
  17  1:03  SCV  
  18  1:15  SCV  
  19  1:27  Orbital Command  
  19  1:28  Supply Depot, Reaper  
  20  1:39  Factory  
  20  1:53  SCV  
  21  2:00  Reaper  
  22  2:05  SCV  
  23  2:15  Command Center  
  23  2:19  SCV  
  24  2:24  Cyclone  
  26  2:31  SCV  
  26  2:33  Barracks Reactor  
  27  2:37  Supply Depot  
  27  2:43  SCV  
  28  2:55  SCV  
  28  2:58  Factory Tech Lab  
  29  3:07  SCV  
  29  3:10  Starport, Marine x2  
  32  3:16  Siege Tank  
  32  3:19  SCV  
  36  3:28  Orbital Command  
  36  3:29  Marine x2  
  36  3:32  SCV  
  39  3:44  SCV  
  39  3:47  Marine x2, Medivac  
  44  3:52  Siege Tank  
  44  3:55  SCV  
  48  3:56  Supply Depot  
  48  3:58  SCV  
  49  4:05  Marine x2  
  49  4:07  SCV  
  52  4:10  SCV  
  52  4:12  Barracks  
  52  4:15  Supply Depot  
  53  4:22  Marine  
  53  4:23  Marine  
  53  4:24  Starport Tech Lab, Siege Tank  
  55  4:26  SCV x2  
  55  4:31  Supply Depot  
  60  4:38  SCV x2  
  60  4:40  Barracks  
  60  4:44  Marine x2  
  64  4:50  SCV x2  
  66  4:56  Engineering Bay  
  66  4:58  Refinery  
  66  5:01  Siege Tank  
  66  5:02  SCV  
  66  5:03  Supply Depot, SCV  
  66  5:06  Stimpack  
  71  5:08  Supply Depot  
  71  5:13  Refinery  
  71  5:15  SCV x2  
  73  5:26  Marine x2  
  73  5:27  SCV x2, Marine  
  78  5:28  Barracks Tech Lab  
  78  5:29  Starport Reactor  
  78  5:39  SCV x2  
  80  5:44  Marine x2  
  80  5:45  Supply Depot, Marine  
  83  5:51  SCV x2  
  83  5:55  Siege Tank  
  88  6:03  SCV x2  
  90  6:06  Combat Shield  
  90  6:09  Marine, Marauder x2  
  95  6:15  SCV x2  
  95  6:17  Supply Depot  
  97  6:21  Marine  
  98  6:27  Marine  
  98  6:30  Terran Infantry Weapons Level 1  
  99  6:33  Command Center  
  99  6:41  Marine, Marauder  
  102  6:52  Medivac x2  
  102  6:53  SCV  
  108  6:55  Concussive Shells  
  108  6:58  Barracks  
  108  7:00  Barracks  
  107  7:02  Supply Depot  
  107  7:09  Marine x2, Marauder  
  107  7:10  Marauder  
  107  7:14  Siege Tank  
  116  7:23  Supply Depot  
  116  7:24  Supply Depot  
  116  7:26  Medivac x2  
  116  7:28  SCV  
  121  7:36  Marine x2, Marauder x2  
  122  7:43  SCV x2  
  119  7:46  Orbital Command  
  119  7:47  Barracks Tech Lab, Barracks Reactor  
  119  7:51  Siege Tank  
  119  7:57  Marine  
  119  7:58  Marine, Marauder  
  126  8:03  Marauder  
  128  8:09  SCV x2  
  130  8:14  Viking x2  
  130  8:15  Marine x2, Marauder  
  130  8:19  SCV  
  139  8:21  SCV  
  139  8:22  Supply Depot  
  139  8:37  Marine  
  139  8:38  Marauder  
  139  8:40  Marine x2  
  139  8:41  Marauder  
Show
View Real Time Build Order
Export as new Build Order

ShoWTimE Protoss - Winner!

Build Orders: 1 Gate Expand, Blink Stalkers 

Get SALT Encoding   

  12  0:00  Probe  
  13  0:12  Probe  
  14  0:17  Pylon  
  14  0:24  Probe  
  15  0:36  Gateway, Probe (Chrono Boost)  
  16  0:46  Assimilator, Probe (Chrono Boost)  
  17  0:51  Probe (Chrono Boost)  
  18  1:03  Probe  
  19  1:15  Probe  
  20  1:22  Nexus  
  20  1:30  Cybernetics Core  
  20  1:33  Probe  
  20  1:38  Assimilator  
  21  1:45  Probe  
  22  1:49  Pylon  
  22  1:57  Probe  
  23  2:04  Stalker (Chrono Boost)  
  23  2:06  Warp Gate  
  25  2:09  Probe  
  26  2:21  Probe  
  27  2:23  Twilight Council  
  27  2:32  Stalker  
  27  2:33  Probe (Chrono Boost)  
  31  2:38  Probe (Chrono Boost)  
  31  2:39  Shield Battery  
  32  2:45  Probe (Chrono Boost)  
  32  2:49  Probe (Chrono Boost)  
  33  2:53  Blink (Chrono Boost)  
  33  2:54  Probe (Chrono Boost)  
  33  2:57  Probe (Chrono Boost)  
  35  3:01  Probe (Chrono Boost)  
  35  3:02  Probe  
  37  3:11  Gateway  
  37  3:13  Stalker  
  37  3:16  Probe  
  37  3:18  Probe  
  41  3:23  Pylon  
  41  3:28  Probe  
  41  3:30  Probe  
  41  3:32  Robotics Facility  
  43  3:40  Probe  
  44  3:42  Probe  
  44  3:46  Assimilator  
  45  3:52  Probe  
  45  3:54  Gateway  
  45  3:55  Pylon  
  46  3:56  Stalker  
  46  3:57  Probe  
  49  4:05  Stalker, Probe  
  49  4:09  Probe  
  53  4:11  Assimilator  
  54  4:17  Probe  
  54  4:18  Pylon  
  54  4:20  Stalker, Observer  
  54  4:21  Probe  
  58  4:28  Stalker  
  58  4:29  Probe  
  61  4:33  Probe  
  61  4:37  Observer (Chrono Boost)  
  63  4:48  Gateway, Pylon  
  63  4:49  Robotics Bay  
  63  4:53  Immortal (Chrono Boost)  
  67  5:00  Nexus  
  67  5:04  Probe x2  
  69  5:10  Sentry x2  
  69  5:12  Shield Battery  
  73  5:18  Shield Battery, Pylon  
  73  5:23  Immortal (Chrono Boost)  
  77  5:31  Pylon  
  75  5:35  Sentry  
  75  5:41  Probe x2  
  79  5:45  Charge (Chrono Boost)  
  79  5:50  Stalker x2  
  79  5:55  Stalker  
  85  6:06  Probe x2  
  85  6:08  Colossus (Chrono Boost)  
  85  6:10  Zealot  
  89  6:14  Probe  
  89  6:15  Pylon  
  89  6:18  Probe x2  
  97  6:22  Stalker x2  
  97  6:23  Observer  
  101  6:26  Zealot  
  101  6:30  Probe x2  
  101  6:31  Probe  
  106  6:40  Gateway  
  106  6:43  Gateway  
  106  6:48  Probe x2, Colossus  
  106  6:52  Zealot x2  
  116  6:56  Pylon  
  116  6:59  Forge  
  116  7:03  Extended Thermal Lance (Chrono Boost)  
  116  7:05  Forge  
  116  7:15  Pylon  
  116  7:19  Pylon  
  116  7:21  Nexus  
  116  7:23  Pylon  
  116  7:26  Stalker  
  116  7:27  Gateway x2  
  113  7:47  Shield Battery, Probe, Colossus (Chrono Boost)  
  113  7:48  Probe x2, Phoenix  
  122  7:52  Zealot x4  
  130  7:59  Probe  
  130  8:00  Probe  
  130  8:01  Probe  
  130  8:02  Pylon  
  130  8:03  Pylon  
  133  8:06  Zealot  
  133  8:07  Zealot  
  137  8:13  Pylon  
  137  8:16  Pylon  
  137  8:18  Zealot x4  
  145  8:25  Zealot x2, Shield Battery  
  149  8:30  Zealot x2  
  153  8:40  Zealot  
  153  8:41  Zealot x3  
  165  8:49  Zealot x2  
  145  8:59  Zealot x2  
Tags
 
Add a new tag
Caveats
  • Supply blocks, unpowered buildings, or Contaminate may cause inaccurate times.
  • Supply counts are checked every 10 seconds.